 Dungeon Crawl Stone Soup version 0.28-a0-1128-gb845255321 (webtiles) character file.

Game seed: 16238639401777390823

87038 ChaosChampion the Schismatic (level 15, -6/125 HPs)
             Began as a Demonspawn Abyssal Knight on Dec 12, 2021.
             Was an Elder of Lugonu.
             Mangled by a swamp dragon (7 damage)
             ... on level 1 of the Swamp.
             The game lasted 01:17:00 (25649 turns).

ChaosChampion the Schismatic (DsAK)                Turns: 25649, Time: 01:17:01

Health: -6/125     AC: 23    Str: 30    XL:     15   Next: 42%
Magic:  27/27      EV: 12    Int: 15    God:    Lugonu [****..]
Gold:   1037       SH:  6    Dex: 13    Spells: 14/14 levels left

rFire   + . .      SeeInvis +   D - +5 battleaxe (vorpal)
rCold   + . .      Faith    .   (shield currently unavailable)
rNeg    . . .      Spirit   .   g - +6 chain mail "Tedilu" {Will+ Str+4 Int+2 Stlth-}
rPois   .          Reflect  .   (helmet unavailable)
rElec   .          Harm     .   x - scarf {rC+ rF+}
rCorr   .          Rampage  .   h - +0 pair of gloves {hurl}
Will    ++...                   G - +2 pair of boots
Stlth   ..........              i - amulet of regeneration
HPRegen 1.10/turn               o - +6 ring of strength
MPRegen 0.20/turn               Z - +4 ring of slaying

@: lethally poisoned (-6 -> -7), very slow
A: antennae 3, large bone plates 2, demonic guardian 1, subdued magic 1
a: Renounce Religion, Depart the Abyss, Bend Space, Banish, Corrupt


You were on level 1 of the Swamp.
You worshipped Lugonu.
Lugonu was greatly pleased with you.
You visited 6 branches of the dungeon, and saw 24 of its levels.
You visited the Abyss 3 times.
You also visited: Ice Cave and Volcano.

You collected 2446 gold pieces.
You spent 1409 gold pieces at shops.

Inventory:

Hand Weapons
 y - a +6 demon blade of freezing
 D - a +5 vorpal battleaxe (weapon)
 F - a +3 trident of freezing
Armour
 g - the +6 chain mail "Tedilu" (worn) {Will+ Str+4 Int+2 Stlth-}
   (You found it on level 3 of the Abyss)

   Str:       It affects your strength (+4).
   Int:       It affects your intelligence (+2).
   Will:      It increases your willpower.
   Stlth:     It makes you less stealthy.
 h - a +0 pair of gloves of hurling (worn)
 n - +0 ice dragon scales
 p - a +4 plate armour of fire resistance
 t - a +3 kite shield
 x - a scarf of resistance (worn)
 G - a +2 pair of boots (worn)
 J - +0 fire dragon scales
 P - a +0 cloak of fire resistance
Jewellery
 i - an amulet of regeneration (around neck)
 l - a ring of resist corrosion
 m - a ring of positive energy
 o - a +6 ring of strength (left hand)
 B - a ring of ice
 E - a +6 ring of strength
 V - a ring of protection from fire
 Z - a +4 ring of slaying (right hand)
Wands
 S - a wand of paralysis (7)
 Y - a wand of digging (7)
Scrolls
 b - 5 scrolls of fear
 s - 2 scrolls of fog
 A - 7 scrolls of teleportation
 C - a scroll of summoning
 I - 2 scrolls of amnesia
 M - a scroll of enchant armour
 R - a scroll of blinking
 X - a scroll of identify
Potions
 a - a potion of might
 c - a potion of magic
 d - 4 potions of ambrosia
 e - a potion of resistance
 j - 3 potions of curing
 k - 2 potions of invisibility
 r - 4 potions of brilliance
 u - a potion of berserk rage
 v - 2 potions of attraction
 w - a potion of haste {unknown}
 T - a potion of flight
 W - a potion of cancellation
Miscellaneous
 H - a phantom mirror
 O - a phial of floods
 Q - a phial of floods


   Skills:
 + Level 13.7 Fighting
 - Level 4.5 Long Blades
 + Level 13.0(13.1) Axes
 - Level 1.7(8.6) Polearms
 - Level 11.3 Armour
 - Level 8.1 Dodging
 - Level 3.9 Shields
 + Level 16.0 Invocations


You had 14 spell levels left.
You didn't know any spells.
Your spell library contained the following spells:

 Spells                   Type           Power      Damage    Failure   Level
 Animate Skeleton         Necr           0%         N/A       65%         1
 Apportation              Tloc           0%         N/A       65%         1
 Shock                    Conj/Air       0%         1d3       65%         1
 Slow                     Hex            0%         N/A       65%         1
 Summon Small Mammal      Summ           0%         N/A       65%         1
 Passwall                 Tmut/Erth      0%         N/A       80%         2
 Confusing Touch          Hex            0%         N/A       95%         3
 Frozen Ramparts          Ice            0%         1d2       95%         3
 Stone Arrow              Conj/Erth      0%         3d7       95%         3
 Swiftness                Air            0%         N/A       95%         3
 Airstrike                Air            0%         N/A       100%        4
 Animate Armour           Summ/Erth      0%         N/A       100%        4
 Cause Fear               Hex            0%         N/A       100%        4
 Ice Form                 Ice/Tmut       0%         N/A       100%        4
 Summon Ice Beast         Ice/Summ       0%         N/A       100%        4
 Yara's Violent Unravell  Hex/Tmut       0%         3d3       100%        5
 Dragon Form              Tmut           0%         N/A       100%        7
 Lehudib's Crystal Spear  Conj/Erth      0%         10d2      100%        8
 Dragon's Call            Summ           0%         N/A       100%        9


Dungeon Overview and Level Annotations

Branches:
Dungeon (13/15)            Temple (1/1) D:7            Lair (6/6) D:8
  Swamp (1/4) Lair:4        Snake (0/4) Lair:4        Slime (0/5) Lair:6
    Orc (2/2) D:10            Elf (1/3) Orc:2         IceCv (visited)
Volcano (visited)
 Vaults: D:13-14

Altars:
Ashenzari
Cheibriados
Dithmenos
Elyvilon
Fedhas
Gozag
Hepliaklqana
Kikubaaqudgha
Makhleb
Nemelex Xobeh
Okawaru
Qazlal
Ru
Sif Muna
Trog
Uskayaw
Vehumet
Wu Jian
Xom
Yredelemnul
Zin
The Shining One
Beogh
Jiyva

Shops:
D:1 =   Orc:2 *=?[=:

Annotations:
D:12 Gastronok
Lair:1 corrupted
Lair:5 whodunnit's ghost, journeyman DsGl
Orc:2 corrupted
Abyss:1 Harold; Jorgrun; Joseph; Louise; Maggie; Maurice; Pikel; Sonja


Innate Abilities, Weirdness & Mutations

You have a pair of large antennae on your head. (SInv)
You are mostly covered in large bone plates. (SH +6)
A weak demonic guardian rushes to your aid.
Your spells are a little easier to cast, but a little less powerful.


Message History

The spriggan rider looks as sick as possible!
The spriggan berserker hits you with a +0 war axe!!
* * * LOW HITPOINT WARNING * * *
A demonic guardian appears!
The polar bear rages.
The spriggan rider is engulfed in poison gas.
The spriggan rider looks even sicker.
The spriggan rider is engulfed in poison gas.
The spriggan rider looks as sick as possible!
You block the spriggan rider's attack. The spriggan rider closely misses you.
* * * LOW HITPOINT WARNING * * *
You feel extremely sick.
The spriggan berserker dies!
The polar bear is no longer berserk.
The polar bear disappears in a puff of smoke!
The polar bear is no longer berserk.
The polar bear disappears in a puff of smoke!
The will-o-the-wisp gestures.
The will-o-the-wisp conjures some foxfire!
You block the spriggan rider's attack.
The swamp dragon is engulfed in a cloud of scalding steam.
The swamp dragon breathes poison at you.
The blast of poison engulfs you but does no damage.
You are lethally poisoned!
The will-o-the-wisp gestures.
The will-o-the-wisp conjures some foxfire! 2 foxfires come into view.
You feel better.
You are engulfed in poison gas.
You are poisoned.
* * * LOW HITPOINT WARNING * * *
You feel very sick.
A foxfire comes into view.
The spriggan rider hits you from afar with a +0 spear!
* * * LOW HITPOINT WARNING * * *
The spriggan rider completely misses you.
Your white imp hits the swamp dragon but does no damage.
The swamp dragon is engulfed in a cloud of scalding steam.
The swamp dragon bites you but does no damage.
The swamp dragon misses you. The swamp dragon tramples you!
You die...

♣.≈.≈..<...♣≈≈♣♣
♣≈...≈..≈≈≈...♣♣♣♣♣♣.
♣..≈♣♣.≈≈§≈......♣...
♣...♣
♣♣≈≈≈..≈§≈≈≈...≈ ♣...
♣♣.(..≈≈≈§≈..>≈ ♣.≈≈
♣♣♣..☼§≈..≈≈≈. ♣≈≈
♣≈☼○≈≈.[≈≈≈≈ ♣♣≈
♣♣☼○≈≈....≈≈
♣@5☼°≈.....≈
♣♣♣D♣♣♣≈...≈..
♣♣♣♣♣♣♣{ii♣ :.≈....
≈...≈≈≈.≈♣v§≈≈≈♣♣..♣
....♣./§♣v{≈≈≈≈≈♣♣≈
≈≈[...≈†§♣§§≈≈≈≈≈
≈≈≈$..≈≈≈♣♣.....≈≈
.≈≈...≈≈≈≈ ♣♣......
..≈....≈≈≈. ....


You could see a swamp dragon (catching breath, ally target), 2 spriggan riders,
a will-o-the-wisp and a friendly white imp (summoned).

Vanquished Creatures
  The ghost of Elesme the Severer, a journeyman DDGl of Trog (Lair:5)
  A deep elf annihilator (Elf:1)
  A bunyip (Lair:4)
  A fire dragon (Lair:6)
  5 hydras
  Erolcha (D:12)
  8 two-headed ogres
  5 death yaks
  A dancing weapon (Volcano)
  Erica (D:10)
  An alligator (Lair:4)
  3 orc high priests
  The ghost of iamserjio the Cleaver, a novice OpDe of Uskayaw (D:9)
  A deep elf knight (Elf:1)
  A spriggan (Lair:4)
  2 goliath frogs (Swamp:1)
  3 bog bodies
  The ghost of Gargoyl the Skirmisher, a novice GnAK of Lugonu (D:6)
  A lindwurm (Lair:6)
  5 spriggan simulacra (IceCv)
  A deep elf zephyrmancer (Elf:1)
  5 wizards (Volcano)
  2 orc knights
  A deep elf pyromancer (Elf:1)
  4 orc sorcerers
  2 cyclopes
  2 manticores (D:12)
  10 elephants
  5 toenail golems (Volcano)
  A guardian serpent (Lair:4)
  4 black mambas
  2 molten gargoyles (Lair:6)
  A gargoyle (D:9)
  14 cane toads
  5 rime drakes
  17 komodo dragons
  Psyche (D:10)
  A kobold demonologist (D:12)
  An unseen horror (D:8)
  8 ice devils (IceCv)
  4 entropy weaver simulacra (IceCv)
  4 trolls
  A polar bear (Lair:6)
  Grinder (D:6)
  A tyrant leech (Lair:4)
  A hornet (Lair:4)
  13 blink frogs
  2 dire elephant simulacra (IceCv)
  5 wyverns
  2 wraiths (D:12)
  A hog (shapeshifter) (D:11)
  25 yaks
  A vampire (D:11)
  2 steam dragons
  Grum (D:10)
  3 basilisks
  4 minotaur simulacra (IceCv)
  A warg (Orc:1)
  5 swamp worms (Lair:4)
  3 hell hounds (Lair:6)
  15 water moccasins
  26 orc warriors
  3 black bears (Lair:1)
  3 ice beasts
  11 ogres
  2 sky beasts (D:6)
  11 wolves
  6 centaurs
  A necrophage (D:8)
  2 phantoms
  2 kobold brigands
  9 bullfrogs
  A gnoll sergeant (D:5)
  An earth elemental (Elf:1)
  3 deep troll simulacra (IceCv)
  13 wights
  2 electric eels
  3 lava snakes (Lair:6)
  8 centaur zombies
  A bullfrog zombie (D:5)
  A centaur skeleton (D:7)
  12 orc priests
  3 hounds
  An iron imp (D:6)
  A gnoll shaman (D:7)
  26 orc wizards
  6 hell rats (Lair:4)
  A howler monkey zombie (D:8)
  6 gnolls
  3 adders
  A howler monkey skeleton (D:7)
  3 white imps
  An ufetubus (D:5)
  2 adder skeletons
  2 worms (D:2)
  8 dart slugs
  87 orcs
  An endoplasm (D:3)
  4 giant cockroaches
  4 goblins
  6 hobgoblins
  4 jackals
  21 kobolds
  7 quokkas
  6 ball pythons
  5 bats
  2 frilled lizards
  7 rats
  A butterfly (Lair:2)
566 creatures vanquished.

Vanquished Creatures (collateral kills)
  A death yak (Lair:4)
  A fire crab (Lair:4)
  A bog body (Lair:4)
  A spriggan simulacrum (IceCv)
  An orc sorcerer (Orc:2)
  A cyclops (D:13)
  A molten gargoyle (Lair:6)
  2 entropy weaver simulacra (IceCv)
  A wyvern (Lair:6)
  2 orc warriors (Orc:2)
  A centaur (D:12)
  A deep troll simulacrum (IceCv)
14 creatures vanquished.

Vanquished Creatures (others)
  A hydra (Lair:1)
  A caustic shrike simulacrum (IceCv)
  An orc high priest (Orc:2)
  A spriggan berserker (Swamp:1)
  An obsidian statue (IceCv)
  2 orc knights (Orc:2)
  2 cane toads (Lair:1)
  A komodo dragon (Lair:1)
  A hornet (Swamp:1)
  3 yaks (Lair:1)
  A minotaur simulacrum (IceCv)
  2 spatial vortices (IceCv)
  2 water moccasins (Lair:1)
  2 ettin simulacra (IceCv)
  2 orc warriors (Orc:2)
  4 wolves (Lair:1)
  A lindwurm simulacrum (IceCv)
  An orc priest (Orc:2)
  An orc wizard (Orc:2)
  A kobold (D:7)
  2 foxfires (Swamp:1)
  24 fungi
  44 plants
  7 starspawn tentacles
  3 toadstools (D:1)
  7 withered plants
118 creatures vanquished.

Grand Total: 698 creatures vanquished

Notes
Turn   | Place    | Note
-------+----------+-------------------------------------------
     0 | Abyss:1  | ChaosChampion the Demonspawn Abyssal Knight began the quest
                  | for the Orb.
     0 | Abyss:1  | Reached XP level 1. HP: 18/18 MP: 2/2
   107 | Abyss:1  | Found a corrupted altar of Lugonu.
   141 | Abyss:2  | Found a corrupted altar of Lugonu.
   145 | Abyss:2  | Found a corrupted altar of Lugonu.
   170 | Abyss:3  | Found a corrupted altar of Lugonu.
   180 | Abyss:3  | Identified the +6 chain mail "Tedilu" {Will+ Str+4 Int+2
                  | Stlth-}
   217 | D:1      | Escaped the Abyss
   257 | D:1      | Gained mutation: You are partially covered in large bone
                  | plates. (SH +4) [demonic ancestry]
   257 | D:1      | Reached XP level 2. HP: 20/24 MP: 4/4
   692 | D:1      | Reached skill level 3 in Invocations
   735 | D:1      | Found a faded altar of an unknown god.
   753 | D:1      | Reached skill level 1 in Long Blades
   775 | D:1      | Found Zere's Jewellery Boutique.
  1008 | D:1      | Reached ** piety under Lugonu
  1064 | D:2      | Noticed an ogre
  1067 | D:2      | Reached XP level 3. HP: 29/29 MP: 5/5
  1581 | D:3      | Gained mutation: You have a pair of small antennae on your
                  | head. [demonic ancestry]
  1581 | D:3      | Reached XP level 4. HP: 32/36 MP: 6/6
  1693 | D:2      | Reached skill level 4 in Invocations
  1745 | D:2      | Reached XP level 5. HP: 42/42 MP: 8/8
  3720 | D:4      | Reached *** piety under Lugonu
  3773 | D:4      | Noticed an ice beast
  3778 | D:4      | Killed an ice beast
  3779 | D:4      | Reached skill level 1 in Shields
  3779 | D:4      | Reached XP level 6. HP: 48/48 MP: 9/9
  4191 | D:4      | Reached skill level 5 in Invocations
  4425 | D:5      | Entered Level 5 of the Dungeon
  4604 | D:5      | Reached XP level 7. HP: 55/55 MP: 9/11
  4790 | D:5      | Reached skill level 5 in Fighting
  4945 | D:5      | Found a sacrificial altar of Ru.
  4952 | D:5      | Noticed a troll
  5065 | D:5      | Reached skill level 6 in Invocations
  5359 | D:6      | Gained mutation: A weak demonic guardian rushes to your
                  | aid. [demonic ancestry]
  5359 | D:6      | Reached XP level 8. HP: 52/62 MP: 12/12
  5553 | D:6      | Found a runed translucent door.
  5553 | D:6      | Noticed Gargoyl's ghost (novice GnAK)
  5630 | D:6      | Reached **** piety under Lugonu
  5825 | D:6      | Reached skill level 1 in Axes
  5825 | D:6      | Reached skill level 7 in Invocations
  5878 | D:6      | Reached skill level 5 in Armour
  5878 | D:6      | Reached XP level 9. HP: 69/69 MP: 14/14
  5999 | D:6      | Noticed Grinder
  6006 | D:6      | Killed Grinder
  6080 | D:6      | Found a snail-covered altar of Cheibriados.
  6200 | D:6      | Killed Gargoyl's ghost
  6258 | D:7      | Noticed Maggie
  6266 | D:7      | Reached skill level 8 in Invocations
  6309 | D:7      | Banished Maggie
  6320 | D:7      | Noticed Pikel
  6323 | D:7      | Banished Pikel
  6324 | D:7      | Reached skill level 5 in Axes
  6332 | D:7      | Noticed Harold
  6532 | D:7      | Banished Harold
  6533 | D:7      | Reached skill level 9 in Invocations
  6533 | D:7      | Gained mutation: You have a pair of antennae on your head.
                  | [demonic ancestry]
  6533 | D:7      | Reached XP level 10. HP: 79/79 MP: 7/16
  6711 | D:7      | Found a staircase to the Ecumenical Temple.
  6770 | Temple   | Entered the Ecumenical Temple
  7161 | D:7      | Found an ancient bone altar of Kikubaaqudgha.
  7162 | D:7      | Found an ornate altar of the Wu Jian Council.
  7168 | D:7      | Found a radiant altar of Vehumet.
  7513 | D:8      | Noticed Maurice
  7514 | D:8      | Banished Maurice
  7665 | D:8      | Noticed Joseph
  7674 | D:8      | Banished Joseph
  7807 | D:8      | Found a staircase to the Lair.
  8141 | D:9      | Found a runed translucent door.
  8521 | D:9      | Noticed iamserjio's ghost (novice OpDe)
  8521 | D:9      | Noticed a gargoyle
  8540 | D:9      | Killed a gargoyle
  8549 | D:9      | Cast into level 2 of the Abyss (iamserjio's ghost)
  8558 | D:9      | Escaped the Abyss
  8560 | D:9      | Killed iamserjio's ghost
  8561 | D:9      | Gained mutation: You are mostly covered in large bone
                  | plates. (SH +6) [demonic ancestry]
  8561 | D:9      | Reached XP level 11. HP: 45/87 MP: 15/17
  8743 | D:9      | Noticed a two-headed ogre
  8750 | D:9      | Killed a two-headed ogre
  9220 | D:10     | Entered Level 10 of the Dungeon
  9220 | D:10     | Found a staircase to the Orcish Mines.
  9240 | D:10     | Noticed Erica
  9293 | D:10     | Killed Erica
  9307 | D:10     | Noticed Grum
  9322 | D:10     | Killed Grum
  9353 | D:10     | Found a broken altar of Ashenzari.
  9449 | D:10     | Noticed Sonja
  9465 | D:10     | Banished Sonja
  9466 | D:10     | Reached skill level 1 in Dodging
  9657 | D:10     | Noticed Psyche
  9662 | D:10     | Killed Psyche
  9757 | D:10     | You fall into a shaft and drop 2 floors!
  9908 | D:12     | Noticed Erolcha
  9926 | D:12     | Killed Erolcha
 10070 | D:10     | Noticed a two-headed ogre
 10079 | D:10     | Killed a two-headed ogre
 10208 | D:11     | Noticed a two-headed ogre
 10218 | D:11     | Killed a two-headed ogre
 10321 | D:11     | Noticed a two-headed ogre
 10335 | D:11     | Killed a two-headed ogre
 10336 | D:11     | Reached skill level 10 in Invocations
 10685 | D:12     | Reached XP level 12. HP: 97/97 MP: 19/19
 10856 | D:12     | Noticed Gastronok
 10951 | D:12     | Noticed a two-headed ogre
 10975 | D:12     | Killed a two-headed ogre
 11311 | D:12     | Reached skill level 10 in Fighting
 11500 | D:13     | Noticed a two-headed ogre
 11500 | D:13     | Noticed a two-headed ogre
 11598 | D:12     | Killed a two-headed ogre
 11636 | D:12     | Killed a two-headed ogre
 11732 | D:13     | Noticed Jorgrun
 11835 | D:13     | Banished Jorgrun
 11836 | D:13     | Reached skill level 10 in Axes
 11836 | D:13     | Reached skill level 11 in Invocations
 11892 | D:13     | Noticed an ogre mage
 12020 | Lair:1   | Entered Level 1 of the Lair of Beasts
 12245 | Lair:1   | Noticed a seven-headed hydra
 12257 | Lair:1   | Corrupted Lair:1
 12257 | Lair:1   | Noticed a tentacled starspawn
 12257 | Lair:1   | Noticed a rakshasa
 12257 | Lair:1   | Noticed a red very ugly thing
 12257 | Lair:1   | Noticed a starcursed mass
 12257 | Lair:1   | Noticed a black draconian
 12257 | Lair:1   | Noticed a starcursed mass
 12257 | Lair:1   | Noticed a bone dragon
 12259 | Lair:1   | Killed a seven-headed hydra
 12261 | Lair:1   | Noticed a starcursed mass
 13106 | Lair:2   | Reached skill level 5 in Dodging
 14490 | Lair:3   | Reached XP level 13. HP: 99/105 MP: 21/21
 15653 | Lair:4   | Reached skill level 12 in Invocations
 15722 | Lair:4   | Found a staircase to the Swamp.
 16052 | Lair:4   | Reached skill level 10 in Armour
 16433 | Lair:4   | Found a staircase to the Snake Pit.
 17290 | Lair:5   | Found a runed translucent gate.
 17330 | Lair:5   | Reached skill level 13 in Invocations
 17408 | Lair:5   | Reached ***** piety under Lugonu
 17594 | Lair:5   | Found a runed translucent gate.
 17594 | Lair:5   | Found a runed translucent gate.
 17622 | Lair:5   | Noticed whodunnit's ghost (journeyman DsGl)
 17622 | Lair:5   | Noticed Elesme's ghost (journeyman DDGl)
 18329 | Lair:5   | Killed Elesme's ghost
 19158 | Lair:6   | Entered Level 6 of the Lair of Beasts
 19243 | Lair:5   | Reached XP level 14. HP: 24/114 MP: 22/24
 19367 | Lair:6   | Found a dark tunnel.
 19376 | Volcano  | Entered a volcano
 19403 | Volcano  | Cast into level 2 of the Abyss (a wizard)
 19432 | Volcano  | Escaped the Abyss
 20099 | Lair:6   | Found a viscous altar of Jiyva.
 20099 | Lair:6   | Found a staircase to the Slime Pits.
 20354 | Lair:6   | Reached skill level 14 in Invocations
 20511 | Lair:6   | Found a large runed translucent door.
 20512 | Lair:6   | Found a large runed translucent door.
 21278 | Swamp:1  | Entered Level 1 of the Swamp
 21502 | Swamp:1  | Noticed Louise
 21915 | Orc:1    | Entered Level 1 of the Orcish Mines
 22110 | Orc:2    | Entered Level 2 of the Orcish Mines
 22110 | Orc:2    | Found a staircase to the Elven Halls.
 22113 | Orc:2    | Found Ijugacw's Jewellery Emporium.
 22598 | Orc:1    | Reached ****** piety under Lugonu
 22670 | Orc:2    | Bought a +4 ring of slaying for 1248 gold pieces
 22672 | Orc:2    | Found Illocij's Assorted Antiques.
 22904 | Orc:2    | Found Woisu's Book Shop.
 22981 | Orc:2    | Corrupted Orc:2
 22981 | Orc:2    | Noticed a tentacled starspawn
 22981 | Orc:2    | Noticed a starcursed mass
 22990 | Orc:2    | Noticed a starcursed mass
 23137 | Orc:2    | Reached skill level 15 in Invocations
 23139 | Orc:2    | Gained mutation: Your spells are a little easier to cast,
                  | but a little less powerful. [a neqoxec]
 23297 | Orc:2    | Found Domikkun's Jewellery Shoppe.
 23304 | Orc:2    | Found Xouzisigg's Armour Shoppe.
 23306 | Orc:2    | Found Biminogi's Magic Scroll Shop.
 23316 | Orc:2    | Bought a +0 pair of gloves of hurling for 161 gold pieces
 23436 | Orc:1    | Gained mutation: You have a pair of large antennae on your
                  | head. (SInv) [demonic ancestry]
 23436 | Orc:1    | Reached XP level 15. HP: 123/123 MP: 26/26
 23818 | Elf:1    | Entered Level 1 of the Elven Halls
 23835 | Elf:1    | Found a frozen archway.
 23863 | IceCv    | Entered an ice cave
 24037 | IceCv    | HP: 4/124 [spriggan defender simulacrum (12)]
 24637 | IceCv    | Corrupted IceCv
 24637 | IceCv    | Noticed a bone dragon
 24638 | IceCv    | Noticed an Ice Fiend
 24641 | IceCv    | Noticed a bone dragon
 24648 | IceCv    | Banished an Ice Fiend
 25020 | Elf:1    | Noticed a deep elf sorcerer
 25540 | Swamp:1  | Banished Louise
 25560 | Swamp:1  | Reached skill level 16 in Invocations
 25649 | Swamp:1  | HP: 1/125 [spriggan rider (10)]
 25649 | Swamp:1  | Mangled by a swamp dragon

Illustrated notes

Levels and vault maps discovered:
D:1:      minmay_arrival_shattered_statue, layout_basic, serial_shops,
          nicolae_shop_hallway_plus, basic_ecumenical_altar,
          minmay_gold_behind_fungi, fountainhead
D:2:      layout_loops_corners, basic_altar
D:3:      layout_loops_ring
D:4:      layout_basic, st_stairs_10
D:5:      layout_basic, mainiacjoe_overflow_boulevard
D:6:      layout_basic, slow_altar_2, gammafunk_ghost_grave,
          grunt_ministairs_13, hangedman_decor_growths, uniq_grinder
D:7:      layout_rooms, chequers_temple_overflow_statue_of_worship,
          minmay_temple_entry_junction, uniq_pikel, uniq_harold, uniq_maggie
D:8:      layout_loops_ring, lair_entry_dummy, uniq_joseph, uniq_maurice
D:9:      layout_loops_ring, ebering_ghost_inner_flame
D:10:     layout_small_grid, nicolae_ashenzari_skybound, elyvilon_altar_3,
          orc_0_dummy, uniq_sonja, uniq_erica, uniq_psyche, uniq_grum
D:11:     layout_basic
D:12:     layout_roguey, special_room [special_room_orc], uniq_gastronok,
          uniq_erolcha
D:13:     layout_roguey, david_vaults_2, uniq_jorgrun
Temple:   regret_index_temple_waves
Lair:1:   layout_cave_shapes, beast_lair_carwin_5, grunt_megastairs_4,
          lemuel_fruit_tree, serial_bayou_shore_b
Lair:2:   layout_misc_corridors, grunt_forest_small_clearings,
          serial_bayou_shore_b, grunt_megastairs_1, serial_bayou_shore_a,
          lemuel_fruit_fields, infiniplex_staircase_pool_2
Lair:3:   layout_concentric_octagons
Lair:4:   layout_concentric_octagons, nicolae_swamp_entry_splash_gauntlet,
          minmay_snake_entry_spellcaster
Lair:5:   layout_layer_cave, gammafunk_ghost_cemetery
Lair:6:   cheibrodos_lair_end_hotspot, layout_regular_city, slime_altar_1,
          enter_volcano_4
Swamp:1:  layout_basic_swamp, nicolae_swamp_long_stream, swamp_pool3,
          uniq_louise
Orc:1:    layout_caves
Orc:2:    st_orc_elflike, layout_caves, serial_shops, shop,
          minmay_shop_enchanted_jewellery
Elf:1:    layout_loops_cross, portal_ice_cave_entry_pillars_2, uniq_azrael

Skill      XL: |  1  2  3  4  5  6  7  8  9 10 11 12 13 14 15 |
---------------+----------------------------------------------+-----
Armour         | 2 3 4 5 6 7 8 9 10 11 | 11.3
Invocations    | 3 4 5 6 7 9 10 11 13 15 16 | 16.0
Long Blades    | 1 2 3 4 |  4.5
Fighting       | 4 5 7 8 9 10 11 13 | 13.7
Shields        | 1 3 |  3.9
Axes           | 2 5 8 9 10 11 12 13 | 13.0
Dodging        | 3 5 7 8 |  8.1
Polearms       | |  1.7

Action                   |  1- 3 |  4- 6 |  7- 9 | 10-12 | 13-15 || total
-------------------------+-------+-------+-------+-------+-------++-------
Melee: Falchion          |   115 |   145 |    81 |       |       ||   341
       Long sword        |       |       |    67 |       |       ||    67
       Battleaxe         |       |       |    64 |   658 |   848 ||  1570
       Trident           |       |       |       |       |    49 ||    49
Invok: Banish            |       |       |     6 |    13 |    16 ||    35
       Depart the Abyss  |       |       |       |     1 |       ||     1
       Bend Space        |       |       |       |     7 |     6 ||    13
       Corrupt           |       |       |       |     1 |     2 ||     3
Evoke: Wand              |       |     1 |       |       |       ||     1
  Use: Scroll            |       |       |     7 |    11 |    11 ||    29
       Potion            |       |       |       |     6 |    12 ||    18
 Stab: Distracted        |       |       |       |     2 |     1 ||     3
       Invisible         |       |       |       |       |     1 ||     1
Armor: Chain mail        |    74 |    83 |   135 |   378 |   479 ||  1149
       Ice dragon scales |       |       |       |       |    63 ||    63
Dodge: Dodged            |    41 |    38 |   123 |   444 |   512 ||  1158
Block: Other             |    28 |    12 |    16 |   217 |   278 ||   551
       Kite shield       |       |    62 |   110 |       |       ||   172

Table legend: (Time is in decaauts)
 A = Elapsed time spent in this place.
 B = Non-inter-level travel time spent in this place.
 C = Inter-level travel time spent in this place.
 D = Time resting spent in this place.
 E = Time spent auto-exploring this place.
 F = Levels seen in this place.
 G = Mean time per level.
                   A        B        C        D        E       F      G
               +--------+--------+--------+--------+--------+-----+--------+
         Total |  26211 |  24666 |   1545 |   5197 |  11399 |  31 |  845.5 |
       Dungeon |  13014 |  11864 |   1150 |   2090 |   6267 |  13 | 1001.1 |
        Temple |    133 |    133 |      0 |      0 |    102 |   1 |  133.0 |
          Lair |   8986 |   8622 |    364 |   2119 |   3742 |   6 | 1497.7 |
         Swamp |    185 |    185 |      0 |     26 |     36 |   1 |  185.0 |
  Orcish Mines |   1995 |   1965 |     30 |    556 |    805 |   2 |  997.5 |
   Elven Halls |    110 |    110 |      0 |      0 |     27 |   1 |  110.0 |
         Abyss |    255 |    255 |      0 |      0 |    106 |   5 |   51.0 |
      Ice Cave |   1115 |   1115 |      0 |    406 |    122 |   1 | 1115.0 |
       Volcano |    415 |    415 |      0 |      0 |    191 |   1 |  415.0 |
               +--------+--------+--------+--------+--------+-----+--------+

Top non-repeatable levels by time:
  Lair:4: 2613 daAuts
  Lair:5: 2257 daAuts
     D:2: 1830 daAuts
  Lair:6: 1486 daAuts
     D:9: 1435 daAuts
    D:12: 1402 daAuts
     D:6: 1373 daAuts
  Lair:3: 1142 daAuts
     D:5: 1134 daAuts
   IceCv: 1115 daAuts
   Orc:2: 1012 daAuts
   Orc:1: 982 daAuts
     D:3: 957 daAuts
     D:8: 904 daAuts
     D:1: 896 daAuts
